 Dungeon Crawl Stone Soup version 0.30-a0-1123-gabc949cf19 (webtiles) character file.

Game seed: 17532548954776303563

42 themarg the Insei (level 3, 0/27 HPs)
             Began as a Merfolk Transmuter on Apr 22, 2023.
             Slain by a ball python (1 damage)
             ... on level 2 of the Dungeon.
             The game lasted 00:03:36 (1404 turns).

themarg the Insei (Merfolk Transmuter)              Turns: 1404, Time: 00:03:36

Health: 0/27       AC:  2    Str: 10    XL:     3   Next: 56%
Magic:  0/6        EV: 22    Int: 14    God:
Gold:   66         SH:  0    Dex: 19    Spells: 0/6 levels left

rFire   . .          .
                       - Unarmed
rCold   . . .        (shield currently unavailable)
rNeg    . . .        a - melded +0 robe
rPois   x            (helmet currently unavailable)
rElec   .            (cloak currently unavailable)
rCorr   .            (gloves currently unavailable)
SInv    .            (boots currently unavailable)
Will    .....        e - amulet of guardian spirit
Stlth   ++           g - +5 ring of evasion
HPRegen 0.24/turn    (no ring)
MPRegen 0.10/turn

%: guardian spirit
@: mighty, spider-form (expiring), constricted
A: venomous fangs, tiny, (nimble swimmer 2), (mertail)
a: End Transformation


You were on level 2 of the Dungeon.
You were a venomous arachnid creature.
You visited 1 branch of the dungeon, and saw 2 of its levels.

You collected 66 gold pieces.

Inventory:

Hand Weapons
 k - a +2 dagger of electrocution
Missiles
 i - 8 stones
Armour
 a - a +0 robe (melded)
 j - a +0 helmet
Jewellery
 e - an amulet of guardian spirit (around neck)
 g - a +5 ring of evasion (left front pincers)
Scrolls
 c - a scroll of immolation
 d - a scroll of enchant weapon {unknown}
 f - a scroll of butterflies {unknown}
Potions
 b - a potion of lignification
 h - a potion of might


   Skills:
 + Level 2.1 Fighting
 - Level 2.6 Dodging
 + Level 3.8 Unarmed Combat
 - Level 2.0 Spellcasting
 + Level 3.5 Transmutations
 * Level 0.8 Poison Magic


You couldn't memorise any spells.
You knew the following spells:

 Your Spells              Type           Power      Damage    Failure   Level
a - Beastly Appendage     Tmut           22%        N/A       16%         1
b - Wereblood             Tmut           11%        N/A       22%         2
c - Spider Form           Tmut/Pois      7%         N/A       50%         3

Your spell library contained the following spells:

 Spells                   Type           Power      Damage    Failure   Level
 Ensorcelled Hibernation  Hex/Ice        2%         N/A       56%         2
 Ice Form                 Ice/Tmut       6%         N/A       89%         4
 Anguish                  Hex/Necr       0%         N/A       98%         4


Dungeon Overview and Level Annotations

Branches:
Dungeon (2/15)

Altars:

Annotations:
D:2 Terence


Innate Abilities, Weirdness & Mutations

You are a venomous arachnid creature.
You have venomous fangs.
You are tiny and dextrous.
Your spellcasting is less reliable in this form.
Your armour is entirely melded.
You are incapable of wielding weapons or throwing items.
((You are very nimble when in or above water. (Stealth+, EV+, Speed+++)))
((Your lower body shifts to a powerful aquatic tail in water.))


Message History

The dart slug misses you.
You bite something! The ball python bites you.
The ball python barely misses you. The rat completely misses you.
You hit something. The ball python barely misses you.
The ball python completely misses you.
You hear some strange, mumbled words.
A puff of flame appears from out of thin air!
The puff of flame misses you.
The puff of flame hits the dart slug!
The dart slug dies!
The ball python misses you. x2; The rat closely misses you.
You closely miss something.
Your transformation has ended.
Your +0 robe unmelds from your body.
You hear some strange, mumbled words.
Something tries to affect you, but you resist.
The ball python misses you. x2
The spell is extremely dangerous to miscast (28% risk of failure)!
Continue anyway?
You turn into a venomous arachnid creature.
Your +0 robe melds into your body.
The rat completely misses you.
You hear some strange, mumbled words.
A magic dart appears from out of thin air!
The magic dart hits you.
The ball python completely misses you. x2
You hit something but do no damage.
Your transformation is almost over.
The rat completely misses you. The ball python completely misses you.
The ball python misses you. Something hits you.
You hit something but do no damage. The rat bites you.
The ball python completely misses you. The ball python grabs you.
The ball python constricts you.
You closely miss something. The rat completely misses you. Something hits you!
* * * LOW HITPOINT WARNING * * *
The ball python misses you. The ball python constricts you.
It was a potion of might.
You feel very mighty all of a sudden. The ball python closely misses you.
The ball python constricts you. The rat completely misses you.
Something completely misses you.
You bite something!
Reactivating autopickup.
You feel a bit more experienced. The ball python bites you.
You die...

#..........#
#..........
#........####
##...........
#........).#
#..........#
#......S...#
#.......s)#
#......r<##
##......##
##....##
#####


You could see a ball python and a rat.

Vanquished Creatures
  Sigmund (D:2)
  An adder (D:2)
  A worm (D:2)
  A dart slug (D:1)
  2 endoplasms (D:1)
  A giant cockroach (D:1)
  4 goblins
  4 hobgoblins (D:1)
  A quokka (D:2)
  5 ball pythons
  A bat (D:2)
  2 frilled lizards (D:1)
  3 kobolds (D:1)
27 creatures vanquished.

Vanquished Creatures (others)
  A dart slug (D:2)
1 creature vanquished.

Grand Total: 28 creatures vanquished

Notes
Turn   | Place    | Note
-------+----------+-------------------------------------------
     0 | D:1      | themarg the Merfolk Transmuter began the quest for the Orb.
     0 | D:1      | Reached XP level 1. HP: 15/15 MP: 3/3
   280 | D:1      | Reached XP level 2. HP: 21/21 MP: 3/5
   283 | D:1      | Learned a level 2 spell: Wereblood
   662 | D:1      | Reached XP level 3. HP: 27/27 MP: 2/6
  1194 | D:2      | Noticed Terence
  1205 | D:2      | Found a faded altar of an unknown god.
  1383 | D:1      | Learned a level 3 spell: Spider Form
  1384 | D:2      | Noticed Sigmund
  1402 | D:2      | HP: 1/27 [something (12)]
  1404 | D:2      | Killed Sigmund
  1404 | D:2      | Slain by a ball python

Illustrated notes

Levels and vault maps discovered:
D:1:      dpeg_arrival_rooms_c, layout_loops_ring, serial_forest,
          infiniplex_forest_end_3, infiniplex_forest_clump_cross,
          infiniplex_forest_clump_cross, infiniplex_forest_lined_3_way,
          infiniplex_forest_straight_2, infiniplex_forest_straight_2,
          infiniplex_forest_clump_large, serial_bayou_crossing
D:2:      minmay_alternating_diamond, layout_rooms,
          hellmonk_ecumenical_altar_blasted, uniq_sigmund, uniq_terence

Skill      XL: |  1  2  3 |
---------------+----------+-----
Transmutations | 3 |  3.5
Fighting       | 2 |  2.1
Dodging        | |  2.6
Unarmed Combat | |  3.8
Spellcasting   | |  2.0
Poison Magic   | |  0.8

Action                     || total
---------------------------++-------
  Melee: Unarmed           ||    90
         Headbutt          ||     7
         Punch             ||     3
   Cast: Beastly Appendage ||    18
         Wereblood         ||     5
         Spider Form       ||     2
    Use: Potion            ||     1
 Armour: Robe              ||     5
         Skin              ||     2
  Dodge: Dodged            ||   107

Table legend: (Time is in decaauts)
 A = Elapsed time spent in this place.
 B = Non-inter-level travel time spent in this place.
 C = Inter-level travel time spent in this place.
 D = Time resting spent in this place.
 E = Time spent auto-exploring this place.
 F = Levels seen in this place.
 G = Mean time per level.
                   A        B        C        D        E       F      G
               +--------+--------+--------+--------+--------+-----+--------+
         Total |   1389 |   1331 |     58 |    148 |    947 |   2 |  694.5 |
       Dungeon |   1389 |   1331 |     58 |    148 |    947 |   2 |  694.5 |
               +--------+--------+--------+--------+--------+-----+--------+

Top non-repeatable levels by time:
     D:1: 1230 daAuts
     D:2: 159 daAuts
